[Event "World Women-ch k.o."]
[Site "Sochi"]
[Date "2015.04.04"]
[Round "6.4"]
[White "Muzychuk, Mariya"]
[Black "Pogonina, Natalija"]
[Result "1/2-1/2"]
[ECO "C47"]
[WhiteElo "2526"]
[BlackElo "2456"]
[Annotator "CB"]
[PlyCount "112"]
[EventDate "2015.03.17"]
[EventType "k.o."]
[EventRounds "6"]
[EventCountry "RUS"]
[SourceTitle "CBM 166"]
[Source "ChessBase"]
[SourceDate "2015.05.11"]
[SourceVersion "1"]
[SourceVersionDate "2015.05.11"]
[SourceQuality "1"]
[TimeControl "40/5400+30:1800+30"]

1. e4 e5 2. Nf3 Nc6 3. Nc3 Nf6 4. d4 exd4 5. Nxd4 Bc5 6. Be3 Bb4 {This is a
truly bizarre idea, and hard to recommend. It does have the virtue of avoiding
the opening preparation of the opponent, but at what cost?} 7. Bd3 Ne5 (7...
Bxc3+ 8. bxc3 d6 9. Bb5 Bd7 10. Nxc6 bxc6 11. Bd3 c5 12. Qf3 Ng4 13. h3 Nxe3
14. Qxe3 Qf6 15. Be2 O-O 16. O-O Rfe8 17. Qf3 Qg5 18. Bc4 Be6 19. Bxe6 Rxe6 20.
Rad1 {0-1 (64) Andrianatos,A (1390)-Kouros,A (1322) Nikaia 2012}) 8. O-O O-O 9.
Nd5 Nxd5 10. exd5 Re8 11. Be2 Bf8 12. Qd2 d6 13. h3 h6 14. Rae1 a6 15. f4 $1 {
Not only has White completed her development, but she is already beginning to
give Black a hard time.} Nd7 16. Bf3 Nc5 17. Bf2 Rxe1 18. Rxe1 Bd7 19. g4 {
In spite of needing only a draw, one cannot fault Muzychuk's willigness to
come out swinging first.} Be7 20. Kg2 Bh4 21. Bxh4 Qxh4 22. Qf2 Qf6 23. Kg3 a5
24. Qd2 g5 25. Bg2 (25. f5) 25... b5 26. b3 Qg6 27. a3 gxf4+ 28. Qxf4 b4 29.
axb4 axb4 30. Qd2 h5 31. Bf3 hxg4 32. hxg4 Rf8 33. Nc6 Bxc6 34. dxc6 Ne6 35.
Qxb4 Qxc2 36. Qc4 Qb2 37. Bd5 Ng5 38. Qf4 Qg7 39. Re7 Ra8 {White better, and
Black must certainly realizes that the only chance is for Muzychuk to blunder
horribly.} 40. Qe3 Qh6 {[#]} 41. Bxf7+ $1 Nxf7 42. Qxh6 Nxh6 43. Rxc7 Nf7 44.
b4 Ne5 45. b5 Rb8 46. Rb7 Rc8 47. Kf4 Nd3+ 48. Ke4 Nc5+ 49. Kd5 Nxb7 50. cxb7
Rd8 51. b6 Kf7 52. Kc6 Ke7 53. Kc7 Rd7+ 54. Kc6 Rd8 55. Kc7 Rd7+ 56. Kc6 Rd8
1/2-1/2

[Event "Metz op 31th"]
[Site "Metz"]
[Date "2013.04.21"]
[Round "2"]
[White "Riff, Jean Noel"]
[Black "Greenfeld, Alon"]
[Result "1/2-1/2"]
[ECO "C47"]
[WhiteElo "2467"]
[BlackElo "2545"]
[Annotator "Metz Alekhine/Primel,D"]
[PlyCount "79"]
[EventDate "2013.04.20"]
[EventType "swiss"]
[EventRounds "9"]
[EventCountry "FRA"]
[SourceTitle "EXT 2016"]
[Source "ChessBase"]
[SourceDate "2015.10.08"]
[SourceVersion "1"]
[SourceVersionDate "2015.10.08"]
[SourceQuality "1"]
[TimeControl "40/5400:1800+30"]
[WhiteClock "1:30:00"]
[BlackClock "1:30:00"]

1. e4 e5 2. Nf3 Nc6 3. Nc3 Nf6 4. d4 exd4 5. Nxd4 Bb4 6. Nxc6 bxc6 7. Bd3 O-O
8. O-O d5 9. exd5 cxd5 10. h3 (10. Bg5 {La grande ligne} c6 11. Qf3 Rb8 (11...
Be7) 12. h3 (12. Ne2) 12... h6 13. Bxf6 (13. Bh4) 13... Qxf6 14. Qxf6 gxf6 15.
Ne2 Bd6 16. b3 Re8 17. Rad1 c5 18. Ng3 Bxg3 {Ivanisevic,I (2632)-Grigoryan,A 
(2577) Jakarta op 2013 (4) 1-0} (18... Be6 19. Nh5 Be5 20. f4 {[%cal Gf1f3]
Ivanisevic inf 119})) 10... Re8 11. Qf3 c6 12. Bf4 Bd6 13. Rfe1 Be6 14. Ne2 Qb8 15. b3 Bd7 16. Qg3 Nh5 17. Bxd6 Nxg3 18. Bxb8 Nxe2+ 19.
Bxe2 (19. Rxe2 Rxe2 20. Bxe2 Rxb8 21. Rd1 Be6 22. Rd4 Kf8 $11 {Andreikin,D 
(2713)-Karjakin,S (2782) Moscow Tal Memorial 8th Blitz 2013 (2) 1/2}) 19...
Raxb8 {L'israelien avait joué la même variante quelques mois plus tôt au
Championnat national} 20. Bd3 $146 (20. c4 Be6 {Smirin,I (2652)-Greenfeld,A 
(2540) ISR-chT 13 Israel 2012 (11.4) 1/2}) 20... Kf8 21. Rxe8+ {Les Blancs ont
une finale légèrement favorable mais difficile à valoriser mais il faut
échanger les R} (21. Kf1 Rxe1+ 22. Rxe1 Re8) 21... Rxe8 22. Kf1 g6 (22... h6 {
Plus souple pour éviter d'avoir un mauvais B en cas d'échange des R}) 23. Re1
$1 Be6 $8 (23... Rxe1+ $2 24. Kxe1 $16 ) 24. Re3 c5 25. Ke1 Rd8 26. c3 Rd6 27. Bb1 c4 28. Kd2 Rb6
29. Bc2 Ra6 30. Bb1 Rb6 {Répète les coups pour gagner du temps à la pendule
tout en testant les intentions de l'adversaire sur le fait qu'il joue pour le
gain ou pas.} 31. Bc2 Ra6 32. Bb1 Bf5 33. Bxf5 Rxa2+ 34. Ke1 gxf5 35. bxc4 dxc4
36. Rf3 Ra5 37. Rf4 Rc5 38. Ke2 Kg7 39. Ke3 a5 40. Kd4 1/2-1/2